Map: Ulrena

Players

Fiend - Winner!

  • Race: Terran Terran
  • League: Platinum

adi

  • Race: Terran Terran

VOD

Have the link to the VOD?

Description

Time

  • Played on: March 27, 2016, 9:14 p.m.
  • Length: 13:41
Show
View Real Time Build Order
Export as new Build Order

Fiend Terran - Winner!

Build Orders: Reaper Expand, MMM Bio 

Get SALT Encoding   

  12  0:00  SCV  
  13  0:12  SCV  
  14  0:18  Supply Depot  
  14  0:24  SCV  
  15  0:30  Refinery  
  15  0:39  SCV  
  16  0:45  Barracks  
  16  0:51  SCV  
  17  1:03  SCV  
  18  1:16  SCV  
  19  1:34  Orbital Command  
  19  1:35  Reaper  
  20  1:50  Command Center  
  20  2:00  SCV  
  21  2:05  Factory  
  21  2:11  Barracks Reactor  
  21  2:13  SCV  
  21  2:22  Refinery  
  21  2:25  SCV  
  22  2:30  Supply Depot  
  22  2:37  SCV  
  23  2:51  Marine x2  
  23  2:52  Hellion  
  25  3:09  Marine  
  25  3:10  Marine  
  27  3:13  Hellion  
  27  3:25  Starport  
  26  3:29  SCV  
  26  3:30  Orbital Command  
  27  3:37  Marine  
  28  3:41  SCV  
  28  3:47  Marine  
  30  3:49  Factory Tech Lab  
  30  3:53  SCV  
  31  3:57  Marine  
  31  4:00  SCV  
  33  4:05  Medivac, SCV  
  36  4:13  Marine  
  36  4:14  Marine  
  38  4:19  SCV  
  38  4:20  SCV  
  40  4:27  Supply Depot  
  40  4:31  SCV  
  40  4:32  SCV  
  40  4:33  Marine x2  
  44  4:44  SCV x2  
  46  4:49  Siege Tank  
  46  4:50  Supply Depot  
  49  4:53  Medivac  
  49  4:56  SCV  
  49  4:57  Supply Depot  
  49  4:59  Marine, SCV  
  51  5:12  Marine  
  49  5:17  Marine  
  49  5:20  Barracks  
  50  5:29  Marine  
  50  5:33  Siege Tank  
  50  5:35  Marine  
  55  5:37  Starport Reactor, SCV x2  
  53  5:43  Barracks  
  53  5:47  Marine  
  49  5:56  Marine  
  50  6:01  SCV x2  
  50  6:02  Engineering Bay  
  52  6:05  Marine  
  52  6:07  Barracks Tech Lab  
  53  6:13  Marine, SCV  
  53  6:16  SCV  
  53  6:17  Refinery  
  56  6:19  Medivac  
  56  6:21  Viking  
  56  6:23  Marine  
  62  6:25  SCV  
  62  6:26  Marine  
  62  6:28  SCV  
  62  6:32  Missile Turret  
  64  6:37  Missile Turret, SCV  
  65  6:40  Supply Depot  
  65  6:45  SCV  
  65  6:46  Supply Depot  
  66  6:48  Barracks Tech Lab  
  66  6:49  SCV  
  66  6:50  Stimpack  
  66  6:51  Marine  
  66  6:52  Marine  
  69  6:57  Supply Depot  
  69  7:04  Marine  
  70  7:09  Marine  
  70  7:14  Marine, Command Center  
  70  7:15  Marine  
  73  7:20  Siege Tank  
  73  7:21  Marine  
  77  7:27  Marine  
  74  7:38  Marine  
  74  7:39  Marine x2  
  74  7:45  Marine  
  75  7:52  Siege Tank  
  75  7:54  Terran Infantry Weapons Level 1, Refinery  
  75  7:56  Marine x2  
  75  7:57  Marine  
  81  8:00  Engineering Bay, Combat Shields  
  81  8:02  Supply Depot  
  81  8:03  Medivac  
  81  8:05  Viking  
  85  8:07  SCV  
  86  8:21  Marine x4  
  86  8:25  Supply Depot  
  90  8:34  Barracks  
  90  8:38  Marine  
  90  8:39  Marine x3  
  94  8:44  Supply Depot  
  94  8:45  SCV x2  
  94  8:46  Bunker  
  96  8:56  Marine x3  
  96  8:57  Marine  
  96  9:01  Orbital Command  
  100  9:09  SCV x2  
  102  9:14  Marine x4  
  102  9:15  Siege Tank  
  109  9:21  SCV x2  
  111  9:24  Terran Infantry Armor Level 1  
  111  9:25  Factory  
  111  9:28  Armory  
  111  9:29  SCV  
  112  9:31  Liberator  
  112  9:32  Marine x4  
  112  9:33  SCV  
  112  9:35  Medivac  
  119  9:48  Siege Tank  
  119  9:50  Marine x2  
  126  9:53  Marine  
  126  9:54  Marine  
  127  10:07  Marine  
  127  10:08  Marine, SCV x2  
  127  10:11  Marine x2  
  133  10:14  Refinery  
  133  10:45  Factory Tech Lab  
  133  10:54  Supply Depot  
  133  10:55  Supply Depot  
  133  10:57  Supply Depot x2  
  133  11:00  Terran Infantry Weapons Level 2, Sensor Tower  
  133  11:02  Missile Turret  
  133  11:07  Supply Depot  
  133  11:15  Marine x4, Siege Tank  
  133  11:16  Viking x2  
  133  11:17  Siege Tank  
  147  11:28  Barracks Tech Lab  
  147  11:29  Factory  
  147  11:33  Marine x4  
  148  11:47  Siege Tank  
  148  11:48  Marine  
  148  11:51  Marine x4  
  140  12:13  Marine x2  
  140  12:14  Marine x2  
  130  12:23  Marine  
  131  12:31  Marine x3, Siege Tank x2  
  131  12:32  Marine, Factory Reactor  
  137  12:52  Command Center  
  137  12:53  Marine x2  
  137  12:57  Marine x3  
  139  13:01  Command Center  
  139  13:03  Siege Tank  
  139  13:04  Viking x2  
  145  13:09  Starport  
  145  13:10  Marine  
  145  13:11  Marine  
  147  13:13  SCV x3  
  147  13:18  Refinery  
  150  13:25  SCV x3  
Show
View Real Time Build Order
Export as new Build Order

adi Terran 

Build Orders: Bio Tank 

Get SALT Encoding   

  12  0:01  SCV  
  13  0:13  SCV  
  14  0:17  Supply Depot  
  14  0:25  SCV  
  15  0:30  Refinery  
  15  0:39  SCV  
  16  0:45  Barracks  
  16  0:51  SCV  
  17  1:03  SCV  
  18  1:07  Barracks  
  18  1:15  SCV  
  19  1:21  Refinery  
  19  1:34  Reaper  
  19  1:38  Orbital Command  
  20  1:56  Reaper  
  21  2:04  Barracks  
  21  2:06  Reaper  
  23  2:15  SCV  
  23  2:22  Supply Depot  
  23  2:28  Reaper  
  23  2:29  SCV  
  25  2:38  Reaper  
  26  2:49  SCV  
  27  2:51  Reaper  
  28  3:00  Reaper  
  29  3:10  Reaper  
  27  3:23  Reaper  
  28  3:32  Reaper  
  28  3:37  Command Center  
  28  3:39  Factory, SCV  
  30  3:51  SCV  
  29  3:59  Marine  
  29  4:00  Barracks Tech Lab  
  29  4:04  SCV  
  29  4:05  Barracks Reactor  
  30  4:16  Marine, SCV  
  31  4:18  Supply Depot  
  31  4:21  Factory  
  32  4:24  Engineering Bay  
  32  4:27  Marine  
  33  4:33  Factory Tech Lab  
  33  4:34  Marine  
  33  4:35  Combat Shields  
  34  4:44  Starport  
  34  4:56  SCV  
  34  4:57  Marine x2  
  37  5:03  Siege Tank  
  40  5:08  Marine  
  34  5:14  Factory Tech Lab  
  33  5:27  Marine  
  37  5:35  Siege Tank  
  34  5:43  Marine  
  34  5:44  Marine  
  34  5:45  Marine  
  35  5:56  Siege Tank  
  38  5:58  SCV  
  39  6:08  Orbital Command  
  39  6:15  SCV  
  40  6:26  Missile Turret  
  40  6:27  SCV  
  40  6:30  Missile Turret  
  41  6:37  SCV  
  41  6:38  Marine  
  41  6:39  SCV  
  44  6:42  Stimpack  
  44  6:45  Medivac  
  46  6:49  SCV  
  46  6:51  SCV  
  48  7:01  SCV  
  49  7:03  SCV  
  50  7:12  Marine x2  
  50  7:13  Marine x2, SCV  
  50  7:14  Medivac  
  57  7:16  SCV  
  57  7:19  Refinery  
  58  7:23  Refinery  
  58  7:25  SCV  
  58  7:28  SCV  
  60  7:30  Marine x2  
  60  7:31  Marine  
  60  7:35  Marine  
  62  7:45  Supply Depot  
  62  7:46  Supply Depot  
  62  8:02  Starport  
  62  8:07  SCV, Siege Tank  
  62  8:08  Supply Depot  
  62  8:12  SCV  
  67  8:14  Armory x2  
  67  8:19  SCV  
  68  8:24  SCV  
  69  8:31  SCV  
  70  8:34  Command Center  
  70  8:36  SCV  
  71  8:41  Viking  
  71  8:43  SCV  
  71  8:45  Viking  
  71  8:47  Marine  
  71  8:48  SCV  
  78  8:55  SCV  
  78  8:59  Supply Depot  
  79  9:05  Terran Vehicle And Ship Armor Level 1  
  79  9:07  SCV  
  79  9:08  Terran Vehicle Weapons Level 1  
  79  9:09  SCV  
  81  9:12  Marine  
  81  9:13  Supply Depot  
  81  9:16  Siege Tank  
  85  9:20  SCV  
  85  9:21  Medivac  
  88  9:33  SCV  
  88  9:36  Marine x2, Siege Tank  
  88  9:37  Marine  
  95  9:40  SCV  
  96  9:47  SCV  
  96  9:48  Siege Tank  
  100  9:54  Marine x2  
  100  9:56  Medivac, Viking  
  100  9:59  SCV  
  107  10:08  SCV  
  107  10:15  Refinery  
  107  10:21  Refinery  
  107  10:23  SCV x2  
  107  10:24  Siege Tank x2  
  107  10:26  Viking  
  117  10:32  Supply Depot, Orbital Command  
  117  10:53  Viking, SCV x2  
  121  11:01  Viking  
  123  11:04  SCV, Starport  
  123  11:05  SCV  
  125  11:28  Barracks  
  125  11:29  Barracks  
  125  11:38  Sensor Tower  
  125  11:44  Marine  
  125  11:45  Marine, Sensor Tower  
  125  11:52  SCV  
  125  12:08  Marine, SCV  
  110  12:12  Marine x2  
  110  12:14  Command Center  
  110  12:16  Viking  
  110  12:17  Command Center  
  110  12:19  SCV  
  110  12:20  SCV  
  110  12:22  Siege Tank  
  109  12:26  Marine  
  109  12:28  Viking  
  110  12:51  Marine  
  110  12:52  SCV  
  110  13:01  Marine, SCV, Siege Tank  
  110  13:02  Siege Tank  
  110  13:03  Viking x2  
  110  13:04  SCV  
  110  13:05  Supply Depot  
  124  13:06  Supply Depot x2  
  124  13:09  Marine  
  124  13:13  SCV  
  124  13:16  SCV  
  124  13:19  Marine  
Tags
 
Add a new tag
Caveats
  • Supply blocks, unpowered buildings, or Contaminate may cause inaccurate times.
  • Supply counts are checked every 10 seconds.